 Dungeon Crawl Stone Soup version 0.29.1-2-gbd0b4ee654 (webtiles) character file.

Game seed: 1348406698187325729

28 Godmorgon the Trooper (level 3, 0/29 HPs)
             Began as a Formicid Abyssal Knight on Oct 28, 2022.
             Was a Believer of Lugonu.
             Killed from afar by Natasha (9 damage)
             ... with a puff of flame
             ... on level 2 of the Dungeon.
             The game lasted 00:05:31 (1743 turns).

Godmorgon the Trooper (Formicid Abyssal Knight)     Turns: 1743, Time: 00:05:32

Health: 0/29       AC:  3    Str: 19    XL:     3   Next: 30%
Magic:  4/4        EV: 11    Int:  9    God:    Lugonu [**....]
Gold:   32         SH:  0    Dex: 14    Spells: 2/2 levels left

rFire   . . .      SeeInvis +   a - +1 mace
rCold   . . .      Faith    .   (no shield)
rNeg    . . .      Spirit   .   b - +0 leather armour
rPois   .          Reflect  .   (helmet unavailable)
rElec   .          Harm     .   (no cloak)
rCorr   .          Rampage  .   (no gloves)
Will    .....                   (no boots)
Stlth   +.........              (no amulet)
HPRegen 0.09/turn               (no ring)
MPRegen 0.09/turn               (no ring)

@: no status effects
A: permanent stasis, dig shafts and tunnels, antennae 3, four strong arms
a: Dig, Shaft Self, Renounce Religion, Depart the Abyss, Bend Space


You were on level 2 of the Dungeon.
You worshipped Lugonu.
Lugonu was pleased with you.
You visited 1 branch of the dungeon, and saw 2 of its levels.
You visited the Abyss 1 time.

You collected 32 gold pieces.

Inventory:

Hand Weapons
 a - a +1 mace (weapon)
Missiles
 i - 4 poisoned darts (quivered)
Armour
 b - a +0 leather armour (worn)
Scrolls
 d - a scroll of teleportation {unknown}
 e - a scroll of identify {unknown}
 g - a scroll of noise {unknown}
 j - a scroll of enchant weapon {unknown}
 k - a scroll of blinking {unknown}
Potions
 c - 3 potions of curing {unknown}
 f - a potion of flight {unknown}
 h - a potion of attraction {unknown}


   Skills:
 + Level 3.5 Fighting
 * Level 2.6 Maces & Flails
 * Level 1.2 Throwing
 - Level 2.1 Armour
 - Level 0.8 Dodging
 + Level 2.5 Invocations


You had 2 spell levels left.
You didn't know any spells.
Your spell library was empty.

Dungeon Overview and Level Annotations

Branches:
Dungeon (2/15)

Altars:

Shops:
D:1 !

Annotations:
D:2 Natasha


Innate Abilities, Weirdness & Mutations

You cannot be hasted, slowed, berserked, paralysed or teleported.
You can dig through walls and to a lower floor.
You have a pair of large antennae on your head. (SInv)
Your four strong arms can wield two-handed weapons with a shield.


Message History

Press: ? - help, v - describe, . - travel, g - get item Item here: a glowing orb.
The floor.
You see here an orb of guile.
You see here an orb of guile.
Found a stone staircase leading up.
You now have 24 gold pieces (gained 3).
c - 3 pink potions (gained 1)
You now have 32 gold pieces (gained 8).
An endoplasm comes into view.
The endoplasm quivers.
Found a scroll labelled BEASSE HAAGULO.
The endoplasm hits you.
You hit the endoplasm.
The endoplasm is heavily wounded.
The endoplasm jiggles.
The endoplasm hits you but does no damage.
You hit the endoplasm.
You kill the endoplasm!
Lugonu accepts your kill.
k - a scroll labelled BEASSE HAAGULO Natasha, Servant of Life and Death comes into view.
She is carrying a wand of flame (11).
Natasha hisses angrily.
Unknown command.
Throw: 5 darts (poison)
Press: ? - help, Q - select action, (/) - cycle Shift-Dir - straight line, f - Natasha
Aim: Natasha, carrying a wand of flame (11) (51% to hit)
You throw a poisoned dart. The poisoned dart hits Natasha.
Natasha is poisoned.
An endoplasm comes into view.
The endoplasm quivers.
Natasha stares at you and mumbles some strange words.
The magic dart hits you!
Found a stone staircase leading down.
Natasha mumbles some strange words.
You feel troubled.
Natasha zaps a wand.
The puff of flame hits you!
Found a dented zirconium amulet.
Natasha misses you.
You hit Natasha.
Natasha is moderately wounded.
Natasha zaps a wand.
The puff of flame hits you!
You die...

#### ######## .....
#......#
......##########......#
.>...Jh@..............#
......##########......#
..... ###.##### ..".
#.# #. #.# #.####. #
#....#. ####...
#######.. .........


You could see Natasha (poisoned) and an endoplasm.

Vanquished Creatures
  A dart slug (D:1)
  3 endoplasms
  A giant cockroach (D:1)
  5 goblins (D:1)
  2 hobgoblins (D:1)
  A ball python (D:1)
  6 bats (D:1)
  3 kobolds (D:1)
  3 rats (D:1)
25 creatures vanquished.

Notes
Turn   | Place    | Note
-------+----------+-------------------------------------------
     0 | Abyss:1  | Godmorgon the Formicid Abyssal Knight began the quest for
                  | the Orb.
     0 | Abyss:1  | Reached XP level 1. HP: 18/18 MP: 2/2
     1 | D:1      | Escaped the Abyss
   536 | D:1      | Reached XP level 2. HP: 24/24 MP: 3/3
   694 | D:1      | Found Faunor's Distillery.
   813 | D:1      | Reached skill level 1 in Throwing
  1190 | D:1      | Reached XP level 3. HP: 26/29 MP: 4/4
  1738 | D:2      | Noticed Natasha
  1743 | D:2      | Killed from afar by Natasha

Illustrated notes

Levels and vault maps discovered:
D:1:      minmay_arrival_wavy_path, layout_basic, serial_shops, shop
D:2:      layout_basic, uniq_natasha

Skill      XL: |  1  2 |
---------------+-------+-----
Throwing       | 1 |  1.2
Fighting       | |  3.5
Maces & Flails | |  2.6
Armour         | |  2.1
Dodging        | |  0.8
Invocations    | |  2.5

Action                   || total
-------------------------++-------
Melee: Mace              ||    88
Throw: Dart              ||     1
 Stab: Sleeping          ||     2
Armor: Leather armour    ||    32
Dodge: Dodged            ||    64
